 Dungeon Crawl Stone Soup version 0.28.0 (webtiles) character file.

Game seed: 3137916148800523024

26 browni3141 the Skirmisher (level 3, -4/24 HPs)
             Began as a Kobold Warper on Feb 9, 2022.
             Slain by Natasha (7 damage)
             ... on level 2 of the Dungeon.
             The game lasted 00:02:20 (1189 turns).

browni3141 the Skirmisher (Kobold Warper)           Turns: 1189, Time: 00:02:20

Health: -4/24      AC:  5    Str:  8    XL:     3   Next: 22%
Magic:  6/6        EV: 14    Int: 14    God:
Gold:   26         SH:  0    Dex: 16    Spells: 6/6 levels left

rFire   . . .      SeeInvis .   p - +0 hunting sling
rCold   . . .      Faith    .   (no shield)
rNeg    . . .      Spirit   .   b - +0 leather armour
rPois   .          Reflect  .   (no helmet)
rElec   .          Harm     .   (no cloak)
rCorr   .          Rampage  .   f - +0 pair of gloves
Will    .....                   o - +0 pair of boots
Stlth   ++........              (no amulet)
HPRegen 0.08/turn               (no ring)
MPRegen 0.10/turn               (no ring)

@: flying
A: small, no large weapons, nightstalker 3
a: no special abilities


You were on level 2 of the Dungeon.
You visited 1 branch of the dungeon, and saw 2 of its levels.

You collected 26 gold pieces.

Inventory:

Hand Weapons
 a - a +0 short sword
 p - a +0 hunting sling (weapon)
Missiles
 d - 5 boomerangs of dispersal
 j - 13 sling bullets (quivered ammo)
Armour
 b - a +0 leather armour (worn)
 f - a +0 pair of gloves (worn)
 o - a +0 pair of boots (worn)
Scrolls
 e - a scroll of fog {unknown}
 h - 2 scrolls of magic mapping {unknown}
 i - a scroll of teleportation {unknown}
 k - a scroll of silence {unknown}
 l - a scroll of immolation {unknown}
 m - a scroll of identify {unknown}
 n - a scroll of amnesia {unknown}
Potions
 g - a potion of flight


   Skills:
 * Level 3.8 Fighting
 - Level 2.6 Short Blades
 - Level 1.1 Throwing
 - Level 0.7 Armour
 - Level 2.4 Dodging
 - Level 2.1 Spellcasting
 - Level 3.0 Translocations


You had 6 spell levels left.
You didn't know any spells.
Your spell library contained the following spells:

 Spells                   Type           Power      Damage    Failure   Level
 Blink                    Tloc           18%        N/A       14%         2
 Gell's Gravitas          Tloc           9%         N/A       28%         3
 Lesser Beckoning         Tloc           9%         N/A       28%         3
 Teleport Other           Tloc           9%         N/A       28%         3
 Static Discharge         Conj/Air       1%         N/A       45%         2
 Manifold Assault         Tloc           9%         N/A       95%         5
 Dispel Undead            Necr           1%         3d6       97%         4
 Sticky Flame             Conj/Fire      1%         2d3       97%         4


Dungeon Overview and Level Annotations

Branches:
Dungeon (2/15)

Altars:

Annotations:
D:2 Natasha


Innate Abilities, Weirdness & Mutations

You are small and have problems with some larger weapons.
You are completely attuned to the shadows.


Message History

You don't know any spells.
Unknown command.
Unknown command.
Blink to where?
Press: ? - help, Dir - move target, p - Natasha
As you read the scroll of blinking, it crumbles to dust.
You are too injured to fight recklessly!
Natasha howls an incantation.
Natasha's front paws start to glow.
Natasha casts a spell.
Fire: 16 sling bullets
Press: ? - help, Q - select action, (/) - cycle Shift-Dir - straight line, f - Natasha
Aim: Natasha (moderately wounded, fast, 53% to hit)
You shoot a sling bullet. The sling bullet barely misses Natasha.
Unknown command.
Blink to where?
Press: ? - help, Dir - move target, p - Natasha
As you read the scroll of blinking, it crumbles to dust.
Fire: 15 sling bullets
Press: ? - help, Q - select action, (/) - cycle Shift-Dir - straight line, f - Natasha
Aim: Natasha (moderately wounded, fast, 53% to hit)
You shoot a sling bullet. The sling bullet hits Natasha.
Natasha is heavily wounded.
Natasha mewls in sadness.
It was a potion of flight.
You feel very buoyant.
You fly up into the air.
Natasha claws you.
* * * LOW HITPOINT WARNING * * *
The crimson imp blinks!
Natasha closely misses you.
Unknown command.
You are too injured to fight recklessly!
Unknown command.
Fire: 14 sling bullets
Press: ? - help, Q - select action, (/) - cycle Shift-Dir - straight line, f/p - Natasha
Aim: Natasha (heavily wounded, fast, 53% to hit)
You shoot a sling bullet. The sling bullet hits Natasha.
Natasha is almost dead.
Natasha extends her claws.
Natasha claws you!
You die...

########
#@.....#########
#.h....#(......###
..........(.......
##...§..#...§(.(###
#.............(..
......#..........
......#.......##.
......###.#.#..
......#


You could see Natasha (fast).

Vanquished Creatures
  2 ball pythons (D:1)
  2 bats (D:1)
  2 endoplasms (D:1)
  A giant cockroach (D:1)
  4 goblins (D:1)
  3 jackals (D:1)
  3 kobolds (D:1)
  8 rats (D:1)
25 creatures vanquished.

Notes
Turn   | Place    | Note
-------+----------+-------------------------------------------
     0 | D:1      | browni3141 the Kobold Warper began the quest for the Orb.
     0 | D:1      | Reached XP level 1. HP: 12/12 MP: 3/3
   161 | D:1      | Found a faded altar of an unknown god.
   190 | D:1      | Reached XP level 2. HP: 18/18 MP: 5/5
   526 | D:1      | Reached XP level 3. HP: 17/23 MP: 6/6
  1172 | D:2      | Noticed Natasha
  1189 | D:2      | Slain by Natasha

Illustrated notes

Levels and vault maps discovered:
D:1:      dpeg_arrival_ratfight, layout_loops_ring,
          hellmonk_ecumenical_altar_run_dry, minmay_statues_item
D:2:      layout_rooms, serial_bayou_pond_d, chequers_mini_garden,
          minmay_hexomino_u4, uniq_natasha, uniq_crazy_yiuf_cottage

Skill      XL: |  1  2 |
---------------+-------+-----
Fighting       | 3 |  3.8
Short Blades   | |  2.6
Throwing       | |  1.1
Armour         | |  0.7
Dodging        | |  2.4
Spellcasting   | |  2.1
Translocations | |  3.0

Action                   || total
-------------------------++-------
Melee: Short sword       ||    88
       Punch             ||     1
 Fire: Hunting sling     ||     8
  Use: Scroll            ||     2
       Potion            ||     1
 Stab: Sleeping          ||     5
Armor: Leather armour    ||    21
Dodge: Dodged            ||    66
